MAA
ELLENBURG FIGHTING DACHSHUNDS @ SALEM MISFITS
08/20/2019
 
TOP OF THE 1ST
Ellenburg Fighting Dachshunds batting - Pitching for Salem Misfits : RHP Josh Gardner
Pitching: RHP Josh Gardner
Batting: RHB Jesús López 0-0: SINGLE (Groundball, 56)
Batting: RHB Manuel Herrera 0-0: Swinging Strike
0-1: Fly out, F9 (Flyball, 9S)
Batting: LHB Ismael Cabrera 0-0: Ball
1-0: Called Strike
1-1: Fly out, F7 (Flyball, 7M)
Batting: RHB Pedro Pérez 0-0: Called Strike
0-1: Ball
1-1: Fly out, F3 (Popup, 3F)
Top of the 1st over - 0 run(s), 1 hit(s), 0 error(s), 1 left on base; Ellenburg 0 - Salem 0
BOTTOM OF THE 1ST
Salem Misfits batting - Pitching for Ellenburg Fighting Dachshunds : RHP John Shirley
Pitching: RHP John Shirley
Batting: LHB Iván Flores 0-0: Called Strike
0-1: Foul Ball, location: 2F
0-2: Ball
1-2: Ball
2-2: Strikes out looking
Batting: RHB Steve Duncan 0-0: SINGLE (Groundball, 56) (infield hit)
Batting: RHB Will Robinson 0-0: Called Strike
0-1: Ball
1-1: Called Strike
1-2: Ball
2-2: Ball
3-2: Base on Balls
Steve Duncan to second
Batting: RHB Alfredo Martínez 0-0: Ball
1-0: 3-RUN HOME RUN (Line Drive, 7D), Distance : 387 ft
Batting: RHB António Martínez 0-0: Ball
1-0: Foul Ball, location: 2F
1-1: Hit by Pitch
Batting: SHB Emílio Gonzáles 0-0: Ball
1-0: Ball
2-0: Swinging Strike
2-1: Ball
3-1: Foul Ball, location: 2F
3-2: Foul Ball, location: 2F
3-2: Fielders Choice at 2nd, 4-6 (Groundball, 4)
Batting: RHB Héctor Cantú 0-0: SINGLE (Line Drive, 4D)
Emílio Gonzáles to second
Batting: SHB Joe Werner 0-0: Fly out, F8 (Flyball, 8LM)
Bottom of the 1st over - 3 run(s), 3 hit(s), 0 error(s), 2 left on base; Ellenburg 0 - Salem 3
TOP OF THE 2ND
Ellenburg Fighting Dachshunds batting - Pitching for Salem Misfits : RHP Josh Gardner
Batting: RHB Travis Lee 0-0: Ball
1-0: Ball
2-0: Ball
3-0: Called Strike
3-1: Base on Balls
Batting: LHB Ramón Hernández 0-0: Swinging Strike
0-1: Fielders Choice at 2nd, 5-4 (Groundball, 5L)
Batting: RHB Cole McKnight 0-0: Called Strike
0-1: SINGLE (Groundball, 4M)
Ramón Hernández to second
Batting: RHB Eddie Davis 0-0: SINGLE (Groundball, 5L)
Ramón Hernández to third
Cole McKnight to second
Batting: LHB Alan Hardy 0-0: Called Strike
0-1: SINGLE (Line Drive, 34D)
Ramón Hernández scores
Cole McKnight to third
Eddie Davis to second
Batting: RHB Jesús López 0-0: Fielders Choice at 2nd, 6-4 (Groundball, 6M)
Cole McKnight scores
Eddie Davis to third
Batting: RHB Manuel Herrera 0-0: Ball
1-0: Foul Ball, location: 2F
1-1: Foul Ball, location: 2F
1-2: Strikes out looking
Top of the 2nd over - 2 run(s), 3 hit(s), 0 error(s), 2 left on base; Ellenburg 2 - Salem 3
BOTTOM OF THE 2ND
Salem Misfits batting - Pitching for Ellenburg Fighting Dachshunds : RHP John Shirley
Batting: SHB Arturo Romero 0-0: Called Strike
0-1: Ball
1-1: SINGLE (Flyball, 78S) - OUT at second base trying to stretch hit.
Batting: LHB Iván Flores 0-0: Called Strike
0-1: Fly out, F7 (Popup, 6D)
Batting: RHB Steve Duncan 0-0: Ball
1-0: Fly out, F4 (Line Drive, 4)
Bottom of the 2nd over - 0 run(s), 1 hit(s), 0 error(s), 0 left on base; Ellenburg 2 - Salem 3
TOP OF THE 3RD
Ellenburg Fighting Dachshunds batting - Pitching for Salem Misfits : RHP Josh Gardner
Batting: LHB Ismael Cabrera 0-0: Ball
1-0: Ball
2-0: Ball
3-0: Called Strike
3-1: Foul Ball, location: 2F
3-2: Foul Ball, location: 2F
3-2: Foul Ball, location: 2F
3-2: Base on Balls
Batting: RHB Pedro Pérez 0-0: Called Strike
0-1: Ball
1-1: Ball
2-1: Ball
3-1: Base on Balls
Ismael Cabrera to second
Batting: RHB Travis Lee 0-0: Called Strike
0-1: Ball
1-1: Fly out, F5 (Popup, 25F)
Batting: LHB Ramón Hernández 0-0: Called Strike
0-1: Ball
Ismael Cabrera steals 3rd base
Pedro Pérez to second
1-1: Ball
2-1: Swinging Strike
2-2: Foul Ball, location: 2F
2-2: Strikes out swinging
Batting: RHB Cole McKnight 0-0: Ball
1-0: Ball
2-0: Foul Ball, location: 2F
2-1: SINGLE (Groundball, 56)
Ismael Cabrera scores
Pedro Pérez to third
Runner from 3rd tries for Home, SAFE, no throw or cutoff
Batting: RHB Eddie Davis 0-0: Ball
1-0: Ball
2-0: Called Strike
2-1: Foul Ball, location: 2F
2-2: Fly out, F8 (Flyball, 8RM)
Top of the 3rd over - 2 run(s), 1 hit(s), 0 error(s), 1 left on base; Ellenburg 4 - Salem 3
BOTTOM OF THE 3RD
Salem Misfits batting - Pitching for Ellenburg Fighting Dachshunds : RHP John Shirley
Batting: RHB Will Robinson 0-0: Called Strike
0-1: Fly out, F4 (Popup, 4MD)
Batting: RHB Alfredo Martínez 0-0: Ball
1-0: Swinging Strike
1-1: Called Strike
1-2: Ball
2-2: Foul Ball, location: 2F
2-2: Ball
3-2: Foul Ball, location: 2F
3-2: Base on Balls
Batting: RHB António Martínez 0-0: Ball
1-0: Called Strike
1-1: DOUBLE (Line Drive, 7LM)
Alfredo Martínez to third
Batting: SHB Emílio Gonzáles 0-0: Called Strike
0-1: Ground out 4-3 (Groundball, 4)
Alfredo Martínez scores
António Martínez to third
Batting: RHB Héctor Cantú 0-0: Called Strike
0-1: Swinging Strike
0-2: Strikes out looking
Bottom of the 3rd over - 1 run(s), 1 hit(s), 0 error(s), 1 left on base; Ellenburg 4 - Salem 4
TOP OF THE 4TH
Ellenburg Fighting Dachshunds batting - Pitching for Salem Misfits : RHP Josh Gardner
Batting: LHB Alan Hardy 0-0: Ball
1-0: Called Strike
1-1: Swinging Strike
1-2: Foul Ball, location: 2F
1-2: Foul Ball, location: 2F
1-2: SINGLE (Flyball, 8LS)
Batting: RHB Jesús López 0-0: Ball
1-0: Ball
2-0: Called Strike
2-1: Ball
3-1: Base on Balls
Alan Hardy to second
Batting: RHB Manuel Herrera 0-0: Ball
1-0: Called Strike
1-1: Ball
2-1: Swinging Strike
2-2: Fly out, F7 (Flyball, 7LM)
Batting: LHB Ismael Cabrera 0-0: Ball
1-0: SINGLE (Groundball, 56)
Alan Hardy to third
Jesús López to second
Runner from 3rd tries for Home, SAFE, no throw or cutoff
Batting: RHB Pedro Pérez 0-0: Ball
Jesús López is caught stealing 3rd base
Ismael Cabrera to second
1-0: Fly out, F8 (Flyball, 8LM)
Top of the 4th over - 1 run(s), 2 hit(s), 0 error(s), 1 left on base; Ellenburg 5 - Salem 4
BOTTOM OF THE 4TH
Salem Misfits batting - Pitching for Ellenburg Fighting Dachshunds : RHP John Shirley
Batting: SHB Joe Werner 0-0: Ground out 4-3 (Groundball, 4)
Batting: SHB Arturo Romero 0-0: Swinging Strike
0-1: Ground out 4-3 (Groundball, 34)
Batting: LHB Iván Flores 0-0: Called Strike
0-1: Ball
1-1: Ball
2-1: Ball
3-1: Foul Ball, location: 2F
3-2: Base on Balls
Batting: RHB Steve Duncan 0-0: Ball
1-0: Swinging Strike
1-1: Called Strike
1-2: Strikes out swinging
Bottom of the 4th over - 0 run(s), 0 hit(s), 0 error(s), 1 left on base; Ellenburg 5 - Salem 4
TOP OF THE 5TH
Ellenburg Fighting Dachshunds batting - Pitching for Salem Misfits : RHP Josh Gardner
Batting: RHB Travis Lee 0-0: Ball
1-0: Called Strike
1-1: Ball
2-1: Foul Ball, location: 2F
2-2: Strikes out swinging
Batting: LHB Ramón Hernández 0-0: Called Strike
0-1: SOLO HOME RUN (Flyball, 7LD), Distance : 364 ft
Pitching: LHP Jorge Román
Batting: RHB Cole McKnight 0-0: Foul Ball, location: 2F
0-1: Ball
1-1: Ball
2-1: Fly out, F3 (Popup, 3F)
Batting: RHB Eddie Davis 0-0: Called Strike
0-1: Ball
1-1: Ball
2-1: Ground out 5-3 (Groundball, 5)
Top of the 5th over - 1 run(s), 1 hit(s), 0 error(s), 0 left on base; Ellenburg 6 - Salem 4
BOTTOM OF THE 5TH
Salem Misfits batting - Pitching for Ellenburg Fighting Dachshunds : RHP John Shirley
Batting: RHB Will Robinson 0-0: Ground out 6-3 (Groundball, 6)
Batting: RHB Alfredo Martínez 0-0: Called Strike
0-1: Ball
1-1: Swinging Strike
1-2: Strikes out swinging
Batting: RHB António Martínez 0-0: DOUBLE (Line Drive, 3D)
Batting: SHB Emílio Gonzáles 0-0: Fly out, F9 (Flyball, 89XD)
Bottom of the 5th over - 0 run(s), 1 hit(s), 0 error(s), 1 left on base; Ellenburg 6 - Salem 4
TOP OF THE 6TH
Ellenburg Fighting Dachshunds batting - Pitching for Salem Misfits : LHP Jorge Román
Batting: LHB Alan Hardy 0-0: Foul Ball, location: 2F
0-1: SINGLE (Line Drive, 9LM)
Batting: RHB Jesús López 0-0: Ball
1-0: Ball
2-0: DOUBLE (Flyball, 78D)
Alan Hardy to third
Batting: RHB Manuel Herrera 0-0: Ball
1-0: Foul Ball, location: 2F
1-1: Swinging Strike
1-2: Strikes out swinging
Batting: LHB Ismael Cabrera 0-0: Ball
1-0: Swinging Strike
1-1: Ball
2-1: Ball
3-1: Base on Balls
Batting: RHB Pedro Pérez 0-0: Called Strike
0-1: Swinging Strike
0-2: Strikes out swinging
Batting: RHB Travis Lee 0-0: Foul Ball, location: 2F
0-1: Ball
1-1: Ball
2-1: Swinging Strike
2-2: Strikes out swinging
Top of the 6th over - 0 run(s), 2 hit(s), 0 error(s), 3 left on base; Ellenburg 6 - Salem 4
BOTTOM OF THE 6TH
Salem Misfits batting - Pitching for Ellenburg Fighting Dachshunds : RHP John Shirley
Batting: RHB Héctor Cantú 0-0: Foul Ball, location: 2F
0-1: Fly out, F8 (Flyball, 8RM)
Batting: SHB Joe Werner 0-0: Foul Ball, location: 2F
0-1: Ball
1-1: Ball
2-1: DOUBLE (Line Drive, 8RXD)
Batting: SHB Arturo Romero 0-0: Foul Ball, location: 2F
0-1: Foul Ball, location: 2F
0-2: Foul Ball, location: 2F
0-2: Strikes out swinging
Batting: LHB Iván Flores 0-0: Foul Ball, location: 2F
0-1: Ball
1-1: Called Strike
1-2: Foul Ball, location: 2F
1-2: Foul Ball, location: 2F
1-2: Ball
2-2: Strikes out looking
Bottom of the 6th over - 0 run(s), 1 hit(s), 0 error(s), 1 left on base; Ellenburg 6 - Salem 4
TOP OF THE 7TH
Ellenburg Fighting Dachshunds batting - Pitching for Salem Misfits : LHP Jorge Román
Pitching: RHP Gabe Stephenson
Batting: LHB Ramón Hernández 0-0: Called Strike
0-1: Swinging Strike
0-2: Ball
1-2: Ball
2-2: Foul Ball, location: 2F
2-2: Foul Ball, location: 2F
2-2: Ball
3-2: Foul Ball, location: 2F
3-2: SINGLE (Flyball, 7S)
Batting: RHB Cole McKnight 0-0: Ball
1-0: Foul Ball, location: 2F
1-1: Fly out, F8 (Flyball, 8LM)
Batting: RHB Eddie Davis 0-0: Called Strike
0-1: Ball
1-1: Reached on error, E6 (Groundball, 6)
Ramón Hernández to second
Pinch Hitting: RHB Jim Unknown 0-0: Foul Ball, location: 2F
0-1: Ball
1-1: Called Strike
1-2: Strikes out swinging
Batting: RHB Jesús López 0-0: SINGLE (Groundball, 56D)
Ramón Hernández to third
Eddie Davis to second
Runner from 3rd tries for Home, SAFE, throw made at trailing runner, OUT at third!
Top of the 7th over - 1 run(s), 2 hit(s), 1 error(s), 1 left on base; Ellenburg 7 - Salem 4
BOTTOM OF THE 7TH
Salem Misfits batting - Pitching for Ellenburg Fighting Dachshunds : RHP John Shirley
Now in LF: Jim Unknown
Batting: RHB Steve Duncan 0-0: Called Strike
0-1: SINGLE (Line Drive, 34D)
Batting: RHB Will Robinson 0-0: Fly out, F3 (Popup, 3F)
Batting: RHB Alfredo Martínez 0-0: Fly out, F7 (Flyball, 7M)
Batting: RHB António Martínez 0-0: Called Strike
0-1: Ball
1-1: Ball
Steve Duncan is caught stealing 2nd base
Bottom of the 7th over - 0 run(s), 1 hit(s), 0 error(s), 0 left on base; Ellenburg 7 - Salem 4
TOP OF THE 8TH
Ellenburg Fighting Dachshunds batting - Pitching for Salem Misfits : RHP Gabe Stephenson
Batting: RHB Manuel Herrera 0-0: SOLO HOME RUN (Flyball, 8LXD), Distance : 440 ft
Batting: LHB Ismael Cabrera 0-0: Ball
1-0: Foul Ball, location: 2F
1-1: Ball
2-1: Called Strike
2-2: Fly out, F7 (Popup, 7LM)
Batting: RHB Pedro Pérez 0-0: Ball
1-0: Called Strike
1-1: Ball
2-1: Swinging Strike
2-2: Ball
3-2: Strikes out swinging
Batting: RHB Travis Lee 0-0: Called Strike
0-1: Swinging Strike
0-2: Ball
1-2: Strikes out looking
Top of the 8th over - 1 run(s), 1 hit(s), 0 error(s), 0 left on base; Ellenburg 8 - Salem 4
BOTTOM OF THE 8TH
Salem Misfits batting - Pitching for Ellenburg Fighting Dachshunds : RHP John Shirley
Batting: RHB António Martínez 0-0: Ball
1-0: Ground out 5-3 (Groundball, 5)
Batting: SHB Emílio Gonzáles 0-0: Ball
1-0: Fly out, F8 (Flyball, 8RS)
Batting: RHB Héctor Cantú 0-0: Called Strike
0-1: Called Strike
0-2: Foul Ball, location: 2F
0-2: Ball
1-2: Strikes out swinging, 2-3 out at first.
Bottom of the 8th over - 0 run(s), 0 hit(s), 0 error(s), 0 left on base; Ellenburg 8 - Salem 4
TOP OF THE 9TH
Ellenburg Fighting Dachshunds batting - Pitching for Salem Misfits : RHP Gabe Stephenson
Batting: LHB Ramón Hernández 0-0: Called Strike
0-1: Foul Ball, location: 2F
0-2: Ball
1-2: Foul Ball, location: 2F
1-2: Fly out, F5 (Line Drive, 5)
Batting: RHB Cole McKnight 0-0: SOLO HOME RUN (Flyball, 78XD), Distance : 406 ft
Pitching: RHP Sid Brown
Batting: RHB Eddie Davis 0-0: DOUBLE (Flyball, 78M)
Batting: RHB Jim Unknown 0-0: Ball
1-0: Ball
2-0: Ball
3-0: Called Strike
3-1: Fly out, F1 (Popup, 23)
Batting: RHB Jesús López 0-0: SINGLE (Flyball, 78S)
Eddie Davis to third
Runner from 3rd tries for Home, SAFE, no throw or cutoff
Batting: RHB Manuel Herrera 0-0: Ball
1-0: Ball
Throwing error on steal attempt, E2
Jesús López to third
2-0: Ball
3-0: Called Strike
3-1: Base on Balls
Batting: LHB Ismael Cabrera 0-0: Ball
1-0: Ball
2-0: SINGLE (Flyball, 8RS)
Jesús López scores
Manuel Herrera to second
Batting: RHB Pedro Pérez 0-0: Foul Ball, location: 2F
0-1: Ball
1-1: Ball
2-1: Ball
3-1: Called Strike
3-2: Strikes out looking
Top of the 9th over - 3 run(s), 4 hit(s), 1 error(s), 2 left on base; Ellenburg 11 - Salem 4
BOTTOM OF THE 9TH
Salem Misfits batting - Pitching for Ellenburg Fighting Dachshunds : RHP John Shirley
Pinch Hitting: RHB Domingo Navarro 0-0: Ground out 5-3 (Groundball, 5S)
Pitching: RHP Ken Snyder
Pinch Hitting: RHB Arlen King 0-0: Ball
1-0: Ball
2-0: Called Strike
2-1: Called Strike
2-2: Ball
3-2: Base on Balls
Batting: LHB Iván Flores 0-0: Fly out, F7 (Flyball, 78S)
Batting: RHB Steve Duncan 0-0: Ball
1-0: Ball
2-0: Foul Ball, location: 2F
2-1: Foul Ball, location: 2F
2-2: Foul Ball, location: 2F
2-2: Ball
3-2: DOUBLE (Flyball, 7LM)
Arlen King to third
Arlen King scores
Batting: RHB Will Robinson 0-0: Ball
1-0: Foul Ball, location: 2F
1-1: Swinging Strike
1-2: SINGLE (Groundball, 4)
Steve Duncan to third
Runner from 3rd tries for Home, SAFE, no throw or cutoff
Pitching: RHP Ju-hyung O
Batting: RHB Alfredo Martínez 0-0: Foul Ball, location: 2F
0-1: Ball
1-1: Ball
2-1: Fielders Choice at 2nd, U4 (Groundball, 4M)
Bottom of the 9th over - 2 run(s), 2 hit(s), 0 error(s), 1 left on base; Ellenburg 11 - Salem 6
This league is powered by Out of the Park Baseball, the baseball management simulation game for PC, Mac and Linux
Saturday, July 25th, 2015 - OOTP Baseball 15.6 Build 34